 Dungeon Crawl Stone Soup version 0.30-a0-808-g6e0788376e (webtiles) character file.

Game seed: 18426848270740874395

60 cforsyth the Sneak (level 4, -1/28 HPs)
             Began as a Kobold Brigand on Feb 26, 2023.
             Slain by an orc
             ... wielding a +0 war axe
              (9 damage)
             ... on level 3 of the Dungeon.
             The game lasted 00:01:29 (1799 turns).

cforsyth the Sneak (Kobold Brigand)                 Turns: 1799, Time: 00:01:29

Health: -1/28      AC:  3    Str:  8    XL:     4   Next: 25%
Magic:  4/4        EV: 15    Int: 12    God:
Gold:   62         SH:  0    Dex: 18    Spells: 3/3 levels left

rFire   . . .      SeeInvis .    a - +2 dagger
rCold   . . .      Faith    .    (no shield)
rNeg    . . .      Spirit   .    b - +0 robe
rPois   .          Reflect  .    (no helmet)
rElec   .          Harm     .    c - +0 cloak
rCorr   .          Rampage  .    (no gloves)
Will    .....                    (no boots)
Stlth   ++++                     (no amulet)
HPRegen 0.24/turn                (no ring)
MPRegen 0.09/turn                (no ring)

@: no status effects
A: small, no large weapons, nightstalker 3
a: no special abilities


You were on level 3 of the Dungeon.
You visited 1 branch of the dungeon, and saw 3 of its levels.

You collected 62 gold pieces.

Inventory:

Hand Weapons
 a - a +2 dagger (weapon)
Missiles
 d - 11 poisoned darts (quivered)
 e - 3 curare-tipped darts
Armour
 b - a +0 robe (worn)
 c - a +0 cloak (worn)
Scrolls
 f - 4 scrolls of immolation {unknown}
 g - 2 scrolls of identify {unknown}
 h - 3 scrolls of torment {unknown}
 i - a scroll of silence {unknown}
 j - 2 scrolls of fog {unknown}
 k - a scroll of teleportation {unknown}
 n - a scroll of poison {unknown}
 q - a scroll of enchant armour {unknown}
 s - a scroll of magic mapping {unknown}
Potions
 l - a potion of might {unknown}
 m - a potion of brilliance {unknown}
 o - a potion of lignification {unknown}
 p - a potion of cancellation {unknown}
 r - 2 potions of curing {unknown}


   Skills:
 + Level 3.0 Fighting
 + Level 3.6 Short Blades
 - Level 2.1 Throwing
 + Level 2.3 Dodging
 + Level 5.9 Stealth


You had 3 spell levels left.
You didn't know any spells.
Your spell library contained the following spells:

 Spells                   Type           Power      Damage    Failure   Level
 Gell's Gravitas          Tloc           0%         N/A       69%         3
 Teleport Other           Tloc           0%         N/A       69%         3
 Vhi's Electric Charge    Tloc/Air       0%         N/A       69%         3
 Arcjolt                  Conj/Air       0%         1d10      100%        5
 Dispersal                Tloc           0%         N/A       100%        6
 Maxwell's Capacitive Co  Air            0%         ∞         100%        8


Dungeon Overview and Level Annotations

Branches:
Dungeon (3/15)

Altars:

Shops:
D:2 =


Innate Abilities, Weirdness & Mutations

You are small and have problems with some larger weapons.
You are completely attuned to the shadows.


Message History

No target in view!
No target in view!
No target in view!
An orc comes into view. It is wielding a +0 short sword.
You see here an adder corpse.
An orc is nearby!
An orc is nearby!
An orc and an orc priest come into view.
An orc and an orc wizard come into view.
The orc is wielding a +2 flail of protection.
The helpless orc fails to defend itself.
You stick the orc like a pincushion!!!
You kill the orc!
The orc shouts! x2; The orc priest shouts!
The orc priest hits you with a +0 club. The orc hits you with a +0 war axe.
The orc wizard shouts!
You hit the orc priest but do no damage.
The orc priest hits you with a +0 club. The orc hits you with a +0 war axe.
You hit the orc priest.
The orc priest is moderately wounded.
The orc wizard mumbles some strange words.
The orc wizard flickers and vanishes!
Deactivating autopickup; reactivate with Ctrl-A.
The orc priest hits you but does no damage.
The orc hits you with a +0 war axe!
You are too injured to fight recklessly!
You are too injured to fight recklessly!
You are too injured to fight recklessly!
You are too injured to fight recklessly!
You are too injured to fight recklessly!
You are too injured to fight recklessly!
You are too injured to fight recklessly!
You are too injured to fight recklessly!
You are too injured to fight recklessly!
You hit the orc priest.
The orc priest is heavily wounded.
The orc priest hits you with a +0 club.
* * * LOW HITPOINT WARNING * * *
The orc hits you with a +0 war axe!
You die...

#......#
#......#
######.# #.#
#.# #(#
###.#########
......##...o.##
..........@...#
......†....o...
.......$..o....
.......$......
..............
............


You could see an orc priest and 2 orcs.

Vanquished Creatures
  A gnoll (D:1)
  An adder (D:3)
  An orc (D:3)
  4 endoplasms
  A giant cockroach (D:2)
  3 goblins (D:1)
  3 hobgoblins (D:1)
  2 quokkas (D:1)
  7 ball pythons (D:1)
  4 bats
  4 frilled lizards
  4 kobolds
  8 rats
43 creatures vanquished.

Notes
Turn   | Place    | Note
-------+----------+-------------------------------------------
     0 | D:1      | cforsyth the Kobold Brigand began the quest for the Orb.
     0 | D:1      | Reached XP level 1. HP: 12/12 MP: 1/1
   224 | D:1      | Reached XP level 2. HP: 18/18 MP: 2/2
   392 | D:1      | Reached XP level 3. HP: 22/22 MP: 3/3
  1357 | D:2      | Found Joquhu's Jewellery Shop.
  1769 | D:3      | Reached XP level 4. HP: 27/27 MP: 4/4
  1799 | D:3      | Slain by an orc

Illustrated notes

Levels and vault maps discovered:
D:1:      dpeg_arrival_rhombi, layout_loops_ring, minmay_tetromino_t2
D:2:      layout_loops_ring, serial_shops, shop, lightli_corner_chamber
D:3:      layout_rooms

Skill      XL: |  1  2  3  4 |
---------------+-------------+-----
Short Blades   | 3 |  3.6
Dodging        | 2 |  2.3
Fighting       | 3 |  3.0
Throwing       | |  2.1
Stealth        | |  5.9

Action                     |  1- 3 |  4- 6 || total
---------------------------+-------+-------++-------
  Melee: Dagger            |    65 |     6 ||    71
   Stab: Sleeping          |    27 |     3 ||    30
 Armour: Robe              |    15 |     1 ||    16
  Dodge: Dodged            |    45 |       ||    45

Table legend: (Time is in decaauts)
 A = Elapsed time spent in this place.
 B = Non-inter-level travel time spent in this place.
 C = Inter-level travel time spent in this place.
 D = Time resting spent in this place.
 E = Time spent auto-exploring this place.
 F = Levels seen in this place.
 G = Mean time per level.
                   A        B        C        D        E       F      G
               +--------+--------+--------+--------+--------+-----+--------+
         Total |   1787 |   1677 |    110 |      0 |   1453 |   3 |  595.7 |
       Dungeon |   1787 |   1677 |    110 |      0 |   1453 |   3 |  595.7 |
               +--------+--------+--------+--------+--------+-----+--------+

Top non-repeatable levels by time:
     D:1: 973 daAuts
     D:2: 747 daAuts
     D:3: 67 daAuts
